 Dungeon Crawl Stone Soup version 0.30.1-3-gfc49f6343a (webtiles) character file.

Game seed: 10420814293285289041

139450 yessir16 the Warrior (level 16, -32/159 HPs)
             Began as a Minotaur Berserker on July 23, 2023.
             Was a High Priest of Trog.
             Killed from afar by an ironbound thunderhulk (39 damage)
             ... with a bolt of lightning
             ... summoned by a worldbinder
             ... summoned by Mlioglotl
             ... on level 4 of the Snake Pit.
             The game lasted 02:07:15 (41434 turns).

yessir16 the Warrior (Minotaur Berserker)          Turns: 41434, Time: 02:07:15

Health: -32/159    AC: 29    Str: 27    XL:     16   Next: 43%
Magic:  15/15      EV: 11    Int:  6    God:    Trog [*****.]
Gold:   1984       SH:  7    Dex: 11    Spells: 15/15 levels left

rFire   + . .        W - +8 mithril axe "Arga" {speed, Will+}
rCold   . . .        J - +2 buckler
rNeg    . . .        Q - +6 plate armour
rPois   +            (helmet restricted)
rElec   .            P - +0 cloak
rCorr   .            R - +2 pair of gloves
SInv    .            (no boots)
Will    ++++.        E - amulet of regeneration Stlth
                     m - ring of protection from fire
HPRegen 2.26/turn    Z - ring of poison resistance
MPRegen 0.14/turn

%: no passive effects
@: strong-willed, regenerating, studying Stealth
A: horns 2, retaliatory headbutt
}: 1/15 runes: serpentine
a: Renounce Religion, Berserk, Trog's Hand, Brothers in Arms


You were on level 4 of the Snake Pit.
You worshipped Trog.
Trog was extremely pleased with you.
You visited 4 branches of the dungeon, and saw 23 of its levels.
You visited 1 bazaar.

You collected 2487 gold pieces.
You spent 503 gold pieces at shops.

Inventory:

Hand Weapons
 i - a +2 vampiric war axe
 W - the +8 mithril axe "Arga" (weapon) {speed, Will+}
   (You found it on level 14 of the Dungeon)

   Will:      It increases your willpower.
Armour
 b - a scarf of invisibility
 J - a +2 buckler (worn)
 P - a +0 cloak (worn)
 Q - a +6 plate armour (worn)
 R - a +2 pair of gloves (worn)
Jewellery
 m - a ring of protection from fire (left hand)
 t - an amulet of guardian spirit
 u - an amulet of faith
 w - a ring of ice
 E - an amulet of regeneration (around neck)
 K - a ring of flight
 L - an amulet of the acrobat
 O - a ring of fire
 Z - a ring of poison resistance (right hand)
Wands
 c - a wand of iceblast (12)
 e - a wand of digging (7)
 y - a wand of flame (55) (quivered)
 M - a wand of paralysis (9)
 S - a wand of polymorph (4)
Scrolls
 a - 5 scrolls of fog
 g - 3 scrolls of acquirement
 h - a scroll of identify
 j - 8 scrolls of fear
 k - 14 scrolls of teleportation
 l - 3 scrolls of enchant armour
 q - 2 scrolls of poison
 v - 5 scrolls of blinking
 x - 4 scrolls of butterflies
 C - 7 scrolls of vulnerability
 D - 5 scrolls of enchant weapon
 G - 2 scrolls of noise
 H - 5 scrolls of magic mapping
 I - 2 scrolls of amnesia
 N - 2 scrolls of silence
 U - 8 scrolls of immolation
Potions
 d - 4 potions of haste
 f - 4 potions of cancellation
 n - 2 potions of brilliance
 o - 5 potions of ambrosia
 p - 9 potions of curing
 r - 3 potions of flight
 s - 9 potions of lignification
 z - 6 potions of attraction
 B - a potion of berserk rage {unknown}
 F - 2 potions of might
 T - a potion of resistance
 V - 2 potions of heal wounds
 X - 4 potions of mutation
 Y - 4 potions of magic
Miscellaneous
 A - a condenser vane


   Skills:
 * Level 18.5 Fighting
 * Level 16.0(17.8) Axes
 - Level 13.3(16.5) Maces & Flails
 * Level 16.5 Armour
 * Level 11.0 Dodging
 - Level 1.0 Stealth
 * Level 7.5 Shields
 * Level 7.4 Evocations


You had 15 spell levels left.
You didn't know any spells.
Your spell library contained the following spells:

 Spells                   Type           Power      Damage    Failure   Level
 Beastly Appendage        Tmut           0%         N/A       98%         1
 Foxfire                  Conj/Fire      0%         2x1d4     98%         1
 Shock                    Conj/Air       0%         1d3       98%         1
 Wereblood                Tmut           0%         N/A       99%         2
 Gell's Gravitas          Tloc           0%         N/A       100%        3
 Spider Form              Tmut/Pois      0%         N/A       100%        3
 Stone Arrow              Conj/Erth      0%         3d7       100%        3
 Swiftness                Air            0%         N/A       100%        3
 Teleport Other           Tloc           0%         N/A       100%        3
 Vhi's Electric Charge    Tloc/Air       0%         N/A       100%        3
 Airstrike                Air            0%         2d(0-16)  100%        4
 Animate Armour           Summ/Erth      0%         N/A       100%        4
 Passage of Golubria      Tloc           0%         N/A       100%        4
 Petrify                  Tmut/Erth      0%         N/A       100%        4
 Arcjolt                  Conj/Air       0%         1d10      100%        5
 Fireball                 Conj/Fire      0%         3d3       100%        5
 Metabolic Englaciation   Hex/Ice        0%         N/A       100%        5
 Silence                  Hex/Air        0%         N/A       100%        5
 Summon Forest            Summ/Tloc      0%         N/A       100%        5
 Summon Mana Viper        Hex/Summ       0%         N/A       100%        5
 Dispersal                Tloc           0%         N/A       100%        6
 Plasma Beam              Fire/Air       0%         2x1d11    100%        6
 Starburst                Conj/Fire      0%         6d3       100%        6
 Statue Form              Tmut/Erth      0%         N/A       100%        6
 Summon Cactus Giant      Summ           0%         N/A       100%        6
 Lehudib's Crystal Spear  Conj/Erth      0%         10d2      100%        8


Dungeon Overview and Level Annotations

Branches:
Dungeon (15/15)            Temple (1/1) D:6            Lair (3/5) D:8
  Swamp (0/4) Lair:2        Snake (4/4) Lair:3          Orc (0/2) D:10
 Vaults (0/5) D:13         Depths (0/4) D:15

Altars:
Ashenzari
Cheibriados
Dithmenos
Elyvilon
Fedhas
Gozag
Hepliaklqana
Kikubaaqudgha
Makhleb
Nemelex Xobeh
Okawaru
Qazlal
Ru
Sif Muna
Trog
Uskayaw
Vehumet
Wu Jian
Xom
Yredelemnul
Zin
The Shining One

Shops:
D:13 :   Snake:1 :[*   Snake:3 [(

Annotations:
Snake:4 Mlioglotl


Innate Abilities, Weirdness & Mutations

You have a pair of horns on your head.
You reflexively headbutt those who attack you in melee.


Message History

You attempt to attack Mlioglotl, but flinch away in fear!
The naga barely misses you.
The worldbinder calls forth creatures from the Snake Pit!
Blink to where?
Press: ? - help, Dir - move target
Okay, then.
You feel much better. Mlioglotl hits you!!
* * * LOW HITPOINT WARNING * * *
Mlioglotl barely misses you.
A starcursed mass splits.
The starcursed mass closely misses you. You furiously retaliate!
You headbutt the starcursed mass, but do no damage.
A starcursed mass splits. x2; Mlioglotl completely misses you.
Mlioglotl tramples you!
* * * LOW HITPOINT WARNING * * *
You hold your ground!
The worldbinder calls forth creatures from the Vaults!
The ynoxinul gestures.
You block the naga's attack.
Blink to where?
Press: ? - help, Dir - move target
As you read the scroll of blinking, it crumbles to dust.
The ufetubus disappears in a puff of smoke! x2
The worldbinder calls forth creatures from the Vaults!
Blink to where?
Press: ? - help, Dir - move target
Okay, then.
Unknown command.
Blink to where?
Press: ? - help, Dir - move target
As you read the scroll of blinking, it crumbles to dust.
You are no longer terrified.
Your skin crawls.
You feel strong-willed.
Unknown command.
Electricity crackles from the ironbound thunderhulk's apparatus.
The bolt of lightning hits you!!
* * * LOW HITPOINT WARNING * * *
Electricity crackles from the ironbound thunderhulk's apparatus.
The bolt of lightning hits you!!!
You die...

# .## #. ..# .
#.#######..##. ..
##............ ...
#......:....# ...
#...........##..
#....@.....#.#
####..5......# ##
##.......## .. ##.#
##..5..## ...
#..####.##5.#######....
#...##.####.#.....#....
#....#.# ##X..........
#....## ##5O5.....#x..
#....## #...X......#..


You could see a starcursed mass (summoned), an ironbound thunderhulk (summoned)
and 4 ufetubi.

Vanquished Creatures
  Vashnia (Snake:4)
  Nikola (Snake:4)
  Frances (D:13)
  4 nagarajas
  The ghost of Mefist the Gelid, an adept DEIE of Sif Muna (Snake:2)
  2 fire dragons (D:15)
  2 hydras
  The ghost of SuvarnaParana the Geomancer, a journeyman GrEE of Vehumet (D:11)
  2 vault guards (D:13)
  A salamander tyrant (Snake:4)
  Erolcha (D:10)
  2 catoblepae (Lair:3)
  3 two-headed ogres
  Erica (D:10)
  3 centaur warriors
  A death knight (D:15)
  A boulder beetle (D:11)
  6 anacondas
  16 naga warriors
  16 naga sharpshooters
  8 shock serpents
  2 salamander mystics
  A skyshark (Lair:1)
  Lodul (D:12)
  5 skeletal warriors
  A bog body (Lair:2)
  5 naga ritualists
  3 wizards (D:13)
  A necromancer (D:13)
  4 deep elf pyromancers
  A phantasmal warrior (D:15)
  The ghost of Tinttamiau the Cudgeller, a novice GnRe of Makhleb (D:6)
  5 ugly things
  4 manticores
  7 mana vipers
  5 cyclopes
  12 salamanders
  6 elephants (Lair:2)
  Maurice (D:8)
  9 guardian serpents
  20 naga magi
  29 black mambas
  An ice statue (D:13)
  2 gargoyles
  5 cane toads
  An unseen horror (D:12)
  Maggie (D:9)
  4 kobold demonologists
  6 komodo dragons
  3 rime drakes
  3 freezing wraiths
  4 red devils (D:14)
  6 trolls
  3 polar bears
  4 blink frogs (Lair:2)
  8 slime creatures
  2 shadows
  19 humans (D:13)
  A water elemental (D:14)
  8 wraiths
  A wyvern (D:10)
  A human (shapeshifter) (D:14)
  Grum (D:9)
  31 yaks
  A basilisk (D:12)
  10 vampire mosquitoes
  A steam dragon (D:9)
  Menkaure (D:6)
  A warg (D:6)
  41 nagas
  2 acid dragons (D:12)
  7 water moccasins
  A black bear (D:8)
  A sky beast (D:6)
  10 orc warriors
  5 ice beasts
  8 ogres
  3 wolves (D:9)
  6 centaurs (D:11)
  A phantom (D:6)
  5 kobold brigands
  7 bullfrogs
  3 scorpions
  2 gnoll sergeants
  8 wights (D:8)
  5 killer bees (D:10)
  6 howler monkeys
  3 lava snakes (Lair:3)
  Crazy Yiuf (D:6)
  3 hounds
  4 jellies
  9 orc priests
  2 sleepcaps
  Ijyb (D:4)
  5 iguanas
  12 orc wizards
  5 gnolls
  13 adders
  A shadow imp (D:6)
  4 white imps
  An ufetubus (D:5)
  2 dart slugs (D:1)
  44 orcs
  7 bats
  5 endoplasms
  5 giant cockroaches
  4 goblins
  11 hobgoblins
  4 quokkas
  5 ball pythons
  A frilled lizard (D:2)
  32 kobolds
  11 rats
642 creatures vanquished.

Vanquished Creatures (others)
  2 nagas (Snake:4)
2 creatures vanquished.

Grand Total: 644 creatures vanquished

Notes
Turn   | Place    | Note
-------+----------+-------------------------------------------
     0 | D:1      | yessir16 the Minotaur Berserker began the quest for the
                  | Orb.
     0 | D:1      | Reached XP level 1. HP: 19/19 MP: 0/0
    92 | D:1      | Reached skill level 4 in Fighting
   113 | D:1      | Reached XP level 2. HP: 27/27 MP: 1/1
   387 | D:1      | Reached ** piety under Trog
   388 | D:1      | Reached XP level 3. HP: 32/34 MP: 2/2
   607 | D:1      | HP: 1/34 [poisoned by a kobold]
  1493 | D:3      | Reached XP level 4. HP: 41/41 MP: 3/3
  1878 | D:3      | Reached skill level 5 in Fighting
  2206 | D:4      | Reached XP level 5. HP: 48/48 MP: 4/4
  2268 | D:4      | Reached skill level 5 in Maces & Flails
  2519 | D:4      | Noticed Ijyb
  2537 | D:4      | Killed Ijyb
  2538 | D:4      | Reached XP level 6. HP: 49/56 MP: 5/5
  2789 | D:4      | Found a hazy altar of Hepliaklqana.
  2881 | D:4      | Reached skill level 6 in Fighting
  2881 | D:4      | Reached skill level 5 in Armour
  3048 | D:5      | Entered Level 5 of the Dungeon
  3220 | D:5      | Reached XP level 7. HP: 54/64 MP: 6/6
  3540 | D:5      | Found a burning altar of Makhleb.
  3551 | D:5      | Reached skill level 7 in Fighting
  3553 | D:5      | Reached *** piety under Trog
  4937 | D:5      | Reached skill level 8 in Fighting
  4949 | D:5      | Reached XP level 8. HP: 74/74 MP: 7/7
  5153 | D:6      | Noticed Menkaure
  5157 | D:6      | Killed Menkaure
  5186 | D:6      | Found a staircase to the Ecumenical Temple.
  5254 | D:7      | Reached skill level 9 in Fighting
  5463 | D:6      | Reached skill level 1 in Stealth
  5499 | D:6      | Found a runed translucent door.
  5500 | D:6      | Noticed Crazy Yiuf
  5656 | D:6      | Found a runed translucent gate.
  5656 | D:6      | Noticed Tinttamiau's ghost (novice GnRe)
  5657 | D:6      | Found a runed translucent gate.
  5657 | D:6      | Found a runed translucent gate.
  5750 | D:6      | Reached skill level 10 in Fighting
  6162 | D:6      | Killed Crazy Yiuf
  6341 | D:7      | Found a broken altar of Ashenzari.
  6357 | D:7      | Found an opulent altar of Gozag.
  6986 | D:7      | Reached XP level 9. HP: 86/86 MP: 8/8
  7175 | D:8      | Noticed Maurice
  7217 | D:8      | Killed Maurice
  7218 | D:8      | Reached skill level 11 in Fighting
  7381 | D:8      | Noticed a two-headed ogre
  7503 | D:7      | Reached skill level 12 in Fighting
  7540 | D:8      | Found a staircase to the Lair.
  8040 | D:8      | Reached skill level 5 in Dodging
  8131 | D:8      | Noticed a two-headed ogre
  8137 | D:8      | Killed a two-headed ogre
  8138 | D:8      | Reached skill level 13 in Fighting
  8138 | D:8      | Reached XP level 10. HP: 101/101 MP: 9/9
  8396 | D:8      | Killed a two-headed ogre
  8627 | Lair:1   | Entered Level 1 of the Lair of Beasts
  8654 | Lair:1   | Noticed a skyshark
  8662 | Lair:1   | Killed a skyshark
  8937 | Lair:1   | Reached skill level 14 in Fighting
  8943 | Lair:1   | Reached skill level 10 in Armour
  9167 | Lair:1   | Noticed a cane toad
  9174 | Lair:1   | Killed a cane toad
  9278 | Lair:1   | Noticed a cane toad
  9283 | Lair:1   | Killed a cane toad
  9288 | Lair:1   | Reached **** piety under Trog
  9478 | Lair:1   | Noticed a black mamba
  9485 | Lair:1   | Killed a black mamba
  9486 | Lair:1   | Reached skill level 1 in Evocations
  9486 | Lair:1   | Reached XP level 11. HP: 95/111 MP: 10/10
 10613 | Lair:3   | Noticed a catoblepas
 10613 | Lair:3   | Noticed a catoblepas
 10751 | Lair:3   | Killed a catoblepas
 10756 | Lair:3   | Killed a catoblepas
 10757 | Lair:3   | Reached skill level 15 in Fighting
 10924 | Lair:3   | HP: 2/112 [barbs]
 11726 | Lair:3   | Noticed a seven-headed hydra
 12716 | Lair:2   | Reached skill level 10 in Maces & Flails
 21747 | Lair:3   | Killed a seven-headed hydra
 22144 | Lair:3   | Reached XP level 12. HP: 71/121 MP: 11/11
 22331 | Lair:3   | Found a staircase to the Snake Pit.
 22654 | Snake:1  | Entered Level 1 of the Snake Pit
 23758 | Lair:2   | Found a staircase to the Swamp.
 24668 | D:6      | Killed Tinttamiau's ghost
 24940 | Temple   | Entered the Ecumenical Temple
 25341 | D:9      | Noticed Grum
 25370 | D:9      | Killed Grum
 25712 | D:9      | Noticed Maggie
 25723 | D:9      | Killed Maggie
 26331 | D:10     | Entered Level 10 of the Dungeon
 26400 | D:10     | Found a stormy altar of Qazlal.
 26424 | D:10     | Found a shadowy altar of Dithmenos.
 26631 | D:10     | Noticed Erolcha
 26649 | D:10     | Killed Erolcha
 26665 | D:10     | Noticed Erica
 26731 | D:10     | Killed Erica
 27317 | D:10     | Found a staircase to the Orcish Mines.
 27412 | D:11     | Noticed a boulder beetle
 27556 | D:11     | Reached ***** piety under Trog
 27755 | D:11     | Noticed SuvarnaParana's ghost (journeyman GrEE)
 27765 | D:11     | Found a runed translucent door.
 27842 | D:11     | Killed a boulder beetle
 27843 | D:11     | Reached skill level 16 in Fighting
 28180 | D:11     | Reached XP level 13. HP: 110/128 MP: 12/12
 28693 | D:11     | Killed SuvarnaParana's ghost
 29021 | D:12     | You are sucked into a shaft and drop 2 floors!
 29266 | D:15     | Entered Level 15 of the Dungeon
 30138 | D:14     | Reached skill level 1 in Shields
 30690 | D:14     | Found the +8 mithril axe "Arga" {speed, Will+}
 31111 | D:13     | Reached skill level 1 in Axes
 31270 | D:13     | Found Nubum's Book Shop.
 31367 | D:13     | Noticed Frances
 31385 | D:13     | Killed Frances
 31518 | D:12     | Reached skill level 5 in Axes
 31576 | D:12     | Reached skill level 5 in Evocations
 31796 | D:12     | Noticed Lodul
 31814 | D:12     | Killed Lodul
 32257 | D:12     | Identified the +6 dire flail of World Downfall {antimagic,
                  | rN++ Str-5} (Trog gifted it to you on level 12 of the
                  | Dungeon)
 32257 | D:12     | Received a gift from Trog
 32283 | D:12     | Reached XP level 14. HP: 129/138 MP: 13/13
 32983 | D:13     | Found a gate to the Vaults.
 33487 | D:15     | Reached skill level 15 in Armour
 33496 | D:15     | Reached skill level 17 in Fighting
 33501 | D:15     | Reached skill level 10 in Axes
 34413 | D:15     | Found a staircase to the Depths.
 35100 | Snake:1  | Found Icoewof's Antique Armour Emporium.
 35174 | Snake:1  | Found a glowing golden altar of the Shining One.
 35248 | Snake:1  | Found Xinemur's Book Shop.
 35493 | Snake:1  | Found Duotwisa's Weapon Shop.
 35562 | Snake:1  | Found Qoycylan's Assorted Antiques.
 35578 | Snake:1  | Reached skill level 5 in Shields
 35623 | Snake:1  | Bought a scroll labelled HYSTAL ZEHYUPH for 38 gold pieces
 36130 | Snake:2  | Found a runed translucent door.
 36502 | Snake:2  | Received a gift from Trog
 36526 | Snake:2  | Noticed Mefist's ghost (adept DEIE)
 36539 | Snake:2  | Killed Mefist's ghost
 36821 | Snake:2  | Reached XP level 15. HP: 89/147 MP: 14/14
 36839 | Snake:2  | Reached skill level 10 in Dodging
 37411 | Snake:2  | Noticed a nagaraja
 37434 | Snake:2  | Killed a nagaraja
 37823 | Snake:2  | Found an ancient bone altar of Kikubaaqudgha.
 38040 | Snake:3  | Found a flickering gateway to a bazaar.
 38396 | Bazaar   | Entered a bazaar
 38396 | Bazaar   | Found Cothrexto's Magic Scroll Shoppe.
 38396 | Bazaar   | Found Giebbem's Armour Shoppe.
 38396 | Bazaar   | Found Vogoigis's General Store.
 38398 | Bazaar   | Found Juocexoag's Assorted Antiques.
 38404 | Bazaar   | Bought a scroll of enchant weapon for 105 gold pieces
 38404 | Bazaar   | Bought a scroll of identify for 28 gold pieces
 38410 | Bazaar   | Bought a potion of curing for 42 gold pieces
 38416 | Bazaar   | Bought a runed ivory ring for 145 gold pieces
 38416 | Bazaar   | Bought a scroll labelled TIALAT HISEC for 29 gold pieces
 38416 | Bazaar   | Bought a scroll of identify for 58 gold pieces
 38416 | Bazaar   | Bought a scroll of identify for 58 gold pieces
 38543 | Snake:3  | Identified 3 scrolls of acquirement
 38572 | Snake:3  | Found Ucer's Weapon Shoppe.
 38711 | Snake:3  | Found Onin's Antique Armour Boutique.
 38891 | Snake:4  | Entered Level 4 of the Snake Pit
 39080 | Snake:4  | Reached skill level 18 in Fighting
 39121 | Snake:4  | Noticed Nikola
 39145 | Snake:4  | Killed Nikola
 39234 | Snake:4  | Noticed Vashnia
 39252 | Snake:4  | HP: 5/149 [naga sharpshooter/bolt[Vashnia] (18)]
 40065 | Snake:4  | Killed Vashnia
 40424 | Snake:4  | Reached XP level 16. HP: 157/157 MP: 15/15
 40679 | Snake:4  | Reached skill level 15 in Axes
 40714 | Snake:4  | Identified the +5 flail "Enuwuuda" {heavy, Will+ SInv}
                  | (Trog gifted it to you on level 4 of the Snake Pit)
 40714 | Snake:4  | Received a gift from Trog
 40931 | Snake:4  | HP: 7/156 [black mamba (7)]
 41181 | Snake:4  | Got a serpentine rune of Zot
 41400 | Snake:4  | Noticed Mlioglotl
 41409 | Snake:4  | Paralysed by accursed screaming for 1 turns
 41419 | Snake:4  | Paralysed by accursed screaming for 2 turns
 41433 | Snake:4  | HP: 4/159 [ironbound thunderhulk/bolt of
                  | lightning[Mlioglotl] (21)]
 41434 | Snake:4  | Killed from afar by an ironbound thunderhulk

Illustrated notes

Levels and vault maps discovered:
D:1:      nzn_arrival_depleted_hourglass, layout_basic, minmay_hedge_maze,
          kennysheep_flooded_box
D:2:      layout_rooms
D:3:      layout_basic, kennysheep_generic_room_11
D:4:      layout_cave_pools, lemuel_crystal_altar, uniq_ijyb
D:5:      layout_basic, mainiacjoe_overflow_24_doors
D:6:      layout_loops_ring, minmay_temple_entry_drinking_statues,
          biasface_ghost_orc_armoury, uniq_menkaure, uniq_crazy_yiuf_cottage
D:7:      layout_basic, mainiacjoe_overflow_tiny_flanked,
          general_overflow_altar, hex_medium
D:8:      layout_loops_ring, lair_entry_dummy, uniq_maurice
D:9:      layout_irregular_city, nicolae_fountain_basement, uniq_grum,
          uniq_maggie
D:10:     layout_rooms, mainiacjoe_overflow_catwalk_spiral, david_orc_4,
          nrook_mini_vaults, uniq_erica, uniq_erolcha
D:11:     layout_cave_pools, hellmonk_ghost_happy_afterlife
D:12:     minmay_octagon_keep, layout_grid_maze, serial_rivers,
          chequers_serial_rivers_micro_a, chequers_serial_rivers_small_3,
          chequers_serial_rivers_marsh, chequers_serial_rivers_micro_a,
          uniq_lodul
D:13:     layout_rooms, grunt_vaults_entry_tiered, serial_shops,
          nicolae_shop_waterfront, ice2_lemuel, uniq_frances
D:14:     layout_layer_cave, gauntlet_entry_generic, fountainhead, minivault_5,
          einodemon_armed_red_devil_minivault
D:15:     grunt_enter_depths_hoard, layout_small_grid
Temple:   eino_temple_rhombus
Lair:1:   layout_chaotic_city
Lair:2:   layout_regular_city, skrybe_swamp_entry_bodies, minivault_27,
          guppyfry_lair_drakes
Lair:3:   nzn_motion_control, layout_long_grid,
          nicolae_snake_entry_warm_welcome, lemuel_fruit_fields,
          grunt_megastairs_4
Snake:1:  layout_basic, serial_shops, shop, nicolae_shop_statue_plus, shop,
          shop, basic_altar, grunt_megastairs_3, serial_bayou_shore_b
Snake:2:  layout_cave_pods, basic_altar, ebering_ghost_reflecting_pool
Snake:3:  layout_gridlike, serial_shops, bzr_entry_lakeside,
          nicolae_take_the_stairs, shop
Snake:4:  johnstein_snake_rune_scales, layout_chambers, serial_shops,
          nicolae_shop_peninsula, lemuel_fruit_tree, uniq_vashnia, uniq_nikola,
          uniq_mlioglotl

Skill      XL: |  1  2  3  4  5  6  7  8  9 10 11 12 13 14 15 16 |
---------------+-------------------------------------------------+-----
Fighting       | 4 5 6 8 10 13 14 15 16 17 18 | 18.5
Maces & Flails | 4 5 6 8 10 12 13 | 13.3
Armour         | 3 4 5 7 8 9 10 12 14 15 16 | 16.5
Stealth        | 1 |  1.0
Dodging        | 3 5 6 7 8 9 10 11 | 11.0
Evocations     | 1 3 4 5 6 7 |  7.4
Shields        | 3 5 6 7 |  7.5
Axes           | 7 12 14 16 | 16.0

Action                     |  1- 3 |  4- 6 |  7- 9 | 10-12 | 13-15 | 16-18 || total
---------------------------+-------+-------+-------+-------+-------+-------++-------
  Melee: Mace              |   113 |   120 |   278 |       |       |       ||   511
         Headbutt          |    15 |    18 |    50 |   110 |   211 |    41 ||   445
         Punch             |     3 |     1 |     2 |     5 |       |       ||    11
         Flail             |       |       |    10 |   377 |       |       ||   387
         Morningstar       |       |       |       |   186 |    76 |       ||   262
         Broad axe         |       |       |       |       |   807 |   157 ||   964
 Invoke: Berserk           |     1 |     3 |    12 |    16 |    22 |     2 ||    56
         Trog's Hand       |     1 |       |     2 |     3 |     1 |     7 ||    14
         Brothers in Arms  |       |       |       |       |     1 |       ||     1
  Evoke: Wand              |       |       |       |       |     6 |       ||     6
    Use: Potion            |       |       |       |     4 |     2 |     2 ||     8
         Scroll            |       |       |       |       |    33 |     2 ||    35
 Armour: Animal skin       |     4 |       |       |       |       |       ||     4
         Plate armour      |    56 |    99 |   246 |   454 |   457 |   108 ||  1420
         Ring mail         |     6 |       |       |       |       |       ||     6
  Dodge: Dodged            |    64 |    45 |   163 |   283 |   328 |    76 ||   959
  Block: Buckler           |       |       |       |       |   227 |    67 ||   294
